 Dungeon Crawl Stone Soup version 0.29-a0-668-g12ee2bf84d (webtiles) character file.

Game seed: 3816349715706786382

67 DocClef the Shield-Bearer (level 4, 0/41 HPs)
             Began as a Gnoll Fighter on June 23, 2022.
             Slain by Sigmund
             ... wielding a +1 antimagic scythe
              (12 damage)
             ... on level 2 of the Dungeon.
             The game lasted 00:01:28 (1878 turns).

DocClef the Shield-Bearer (Gnoll Fighter)           Turns: 1878, Time: 00:01:29

Health: 0/41       AC:  7    Str: 18    XL:     4   Next: 16%
Magic:  1/5        EV:  9    Int:  7    God:
Gold:   94         SH:  5    Dex: 11    Spells: 5/5 levels left

rFire   . . .      SeeInvis .   a - +0 flail
rCold   . . .      Faith    .   c - +0 buckler
rNeg    . . .      Spirit   .   b - +0 scale mail
rPois   .          Reflect  .   (no helmet)
rElec   .          Harm     .   (no cloak)
rCorr   .          Rampage  .   (no gloves)
Will    .....                   (no boots)
Stlth   ..........              (no amulet)
HPRegen 0.13/turn               (no ring)
MPRegen 0.09/turn               (no ring)

@: no status effects
A: fangs 1, strong nose, distributed training
a: no special abilities


You were on level 2 of the Dungeon.
You visited 1 branch of the dungeon, and saw 2 of its levels.

You collected 94 gold pieces.

Inventory:

Hand Weapons
 a - a +0 flail (weapon)
Armour
 b - a +0 scale mail (worn)
 c - a +0 buckler (worn)
Jewellery
 p - a ring of magical power
Scrolls
 f - a scroll of silence {unknown}
 h - a scroll of torment {unknown}
 l - a scroll of enchant armour {unknown}
 n - a scroll of identify {unknown}
 q - a scroll of poison {unknown}
Potions
 d - a potion of might
 e - a potion of degeneration {unknown}
 g - a potion of resistance {unknown}
 i - a potion of attraction {unknown}
 j - a potion of haste {unknown}
 k - a potion of curing {unknown}
 m - a potion of cancellation {unknown}
 o - 2 potions of flight {unknown}


   Skills:
 + Level 6.6 Fighting
 + Level 1.0 Short Blades
 + Level 1.0 Long Blades
 + Level 1.0 Axes
 + Level 4.6 Maces & Flails
 + Level 1.0 Polearms
 + Level 1.0 Staves
 + Level 1.0 Slings
 + Level 1.0 Bows
 + Level 1.0 Crossbows
 + Level 1.0 Throwing
 + Level 6.6 Armour
 + Level 1.0 Dodging
 + Level 1.0 Stealth
 + Level 6.6 Shields
 + Level 1.0 Unarmed Combat
 + Level 1.0 Spellcasting
 + Level 0.8 Conjurations
 + Level 0.8 Hexes
 + Level 0.8 Summonings
 + Level 0.8 Necromancy
 + Level 0.8 Translocations
 + Level 0.8 Transmutations
 + Level 0.8 Fire Magic
 + Level 0.8 Ice Magic
 + Level 0.8 Air Magic
 + Level 0.8 Earth Magic
 + Level 0.8 Poison Magic
 + Level 1.1 Invocations
 + Level 1.0 Evocations


You had 5 spell levels left.
You didn't know any spells.
Your spell library contained the following spells:

 Spells                   Type           Power      Damage    Failure   Level
 Magic Dart               Conj           4%         1d3       71%         1
 Call Imp                 Summ           1%         N/A       85%         2
 Mephitic Cloud           Conj/Pois/Air  1%         N/A       97%         3


Dungeon Overview and Level Annotations

Branches:
Dungeon (2/15)

Altars:

Annotations:
D:2 Sigmund


Innate Abilities, Weirdness & Mutations

You have very sharp teeth.
Your uncanny sense of smell can sniff out nearby items.
Your experience applies equally to all skills.


Message History

No target in view!
No target in view!
No target in view!
No target in view!
No target in view!
No target in view!
No target in view!
No target in view!
No target in view!
No target in view!
No target in view!
No target in view!
No target in view!
No target in view!
No target in view!
No target in view!
No target in view!
No target in view!
There is a strange disturbance nearby!
A magic dart appears from out of thin air!
The magic dart hits you.
A magic dart appears from out of thin air!
The magic dart hits you but does no damage.
Something hits you!
You feel your power leaking away.
You hit something. Something hits you but does no damage.
You hit something. Something hits you.
You feel your power leaking away.
You miss something. Something hits you.
You feel your power leaking away.
You hit something. Your bite misses something. You miss something.
Something hits you.
You barely miss something. Something hits you!
* * * LOW HITPOINT WARNING * * *
You feel your power leaking away.
You miss something. Something hits you but does no damage.
You hit something. Something hits you but does no damage.
You miss something. Your bite misses something. You hit something.
Something hits you!
You die...

# #.# . ####.####
#.......#
######.......#
........<....##
#####...$.......
###.......####
#.#####...<.....#
#.....{@#.......#
#################


There were no monsters in sight!

Vanquished Creatures
  Natasha (D:2)
  A worm (D:2)
  5 bats (D:1)
  4 endoplasms
  9 goblins
  2 hobgoblins (D:1)
  3 jackals (D:1)
  2 kobolds
  4 ball pythons
  3 frilled lizards (D:1)
  2 rats (D:1)
36 creatures vanquished.

Notes
Turn   | Place    | Note
-------+----------+-------------------------------------------
     0 | D:1      | DocClef the Gnoll Fighter began the quest for the Orb.
     0 | D:1      | Reached XP level 1. HP: 23/23 MP: 1/1
   249 | D:1      | Reached XP level 2. HP: 29/29 MP: 2/2
   606 | D:1      | Reached XP level 3. HP: 35/35 MP: 3/3
   675 | D:1      | Found a faded altar of an unknown god.
  1459 | D:2      | Noticed Natasha
  1468 | D:2      | Killed Natasha
  1469 | D:2      | Reached skill level 1 in Short Blades
  1469 | D:2      | Reached skill level 1 in Long Blades
  1469 | D:2      | Reached skill level 1 in Axes
  1469 | D:2      | Reached skill level 1 in Polearms
  1469 | D:2      | Reached skill level 1 in Staves
  1469 | D:2      | Reached skill level 1 in Slings
  1469 | D:2      | Reached skill level 1 in Bows
  1469 | D:2      | Reached skill level 1 in Crossbows
  1469 | D:2      | Reached skill level 1 in Throwing
  1469 | D:2      | Reached skill level 1 in Dodging
  1469 | D:2      | Reached skill level 1 in Stealth
  1469 | D:2      | Reached skill level 1 in Unarmed Combat
  1469 | D:2      | Reached skill level 1 in Spellcasting
  1469 | D:2      | Reached skill level 1 in Invocations
  1469 | D:2      | Reached skill level 1 in Evocations
  1469 | D:2      | Reached XP level 4. HP: 39/41 MP: 5/5
  1863 | D:2      | Noticed Sigmund
  1878 | D:2      | Slain by Sigmund

Illustrated notes

Levels and vault maps discovered:
D:1:      dpeg_chamrin_arrival_tetris, layout_basic, basic_ecumenical_altar
D:2:      layout_loops_ring, minmay_box_of_dots, uniq_sigmund, uniq_natasha

Skill      XL: |  1  2  3 |
---------------+----------+-----
Short Blades   | 1 |  1.0
Long Blades    | 1 |  1.0
Axes           | 1 |  1.0
Polearms       | 1 |  1.0
Staves         | 1 |  1.0
Slings         | 1 |  1.0
Bows           | 1 |  1.0
Crossbows      | 1 |  1.0
Throwing       | 1 |  1.0
Dodging        | 1 |  1.0
Stealth        | 1 |  1.0
Unarmed Combat | 1 |  1.0
Spellcasting   | 1 |  1.0
Invocations    | 1 |  1.1
Evocations     | 1 |  1.0
Fighting       | |  6.6
Maces & Flails | |  4.6
Armour         | |  6.6
Shields        | |  6.6
Conjurations   | |  0.8
Hexes          | |  0.8
Summonings     | |  0.8
Necromancy     | |  0.8
Translocations | |  0.8
Transmutations | |  0.8
Fire Magic     | |  0.8
Ice Magic      | |  0.8
Air Magic      | |  0.8
Earth Magic    | |  0.8
Poison Magic   | |  0.8

Action                   |  1- 3 |  4- 6 || total
-------------------------+-------+-------++-------
Melee: Flail             |    81 |    21 ||   102
       Bite              |     8 |     2 ||    10
Armor: Scale mail        |    46 |     6 ||    52
Dodge: Dodged            |    35 |     1 ||    36
Block: Buckler           |    31 |     1 ||    32

Table legend: (Time is in decaauts)
 A = Elapsed time spent in this place.
 B = Non-inter-level travel time spent in this place.
 C = Inter-level travel time spent in this place.
 D = Time resting spent in this place.
 E = Time spent auto-exploring this place.
 F = Levels seen in this place.
 G = Mean time per level.
                   A        B        C        D        E       F      G
               +--------+--------+--------+--------+--------+-----+--------+
         Total |   1898 |   1723 |    175 |      0 |   1479 |   2 |  949.0 |
       Dungeon |   1898 |   1723 |    175 |      0 |   1479 |   2 |  949.0 |
               +--------+--------+--------+--------+--------+-----+--------+

Top non-repeatable levels by time:
     D:1: 1287 daAuts
     D:2: 610 daAuts
